Map: Catalyst LE

Players

LiquidTLO (TLO)

  • Race: Zerg Zerg
  • League: Grandmaster
  • Spawn Location: 5:00

Stats - Winner!

  • Race: Protoss Protoss
  • League: Master
  • Spawn Location: 11:00

Event: HomeStory Cup XVI

VOD

Have the link to the VOD?

Description

Time

  • Played on: Nov. 10, 2017, 8:46 a.m.
  • Length: 6:59

All games in this series

Show
View Real Time Build Order
Export as new Build Order

LiquidTLO Zerg 

Build Orders: Hatch First 

Get SALT Encoding   

  12  0:00  Drone  
  13  0:12  Overlord  
  13  0:17  Drone  
  14  0:31  Drone x2  
  16  0:49  Hatchery  
  15  0:52  Drone  
  15  0:55  Drone  
  17  1:01  Drone  
  17  1:03  Extractor  
  17  1:16  Spawning Pool  
  16  1:21  Drone  
  16  1:24  Drone  
  18  1:30  Drone  
  19  1:41  Overlord  
  19  1:56  Drone  
  19  2:00  Drone  
  21  2:01  Drone  
  21  2:03  Queen  
  21  2:08  Queen  
  26  2:14  Metabolic Boost  
  26  2:18  Drone  
  26  2:20  Drone  
  28  2:25  Drone  
  28  2:27  Drone  
  30  2:35  Overlord  
  30  2:36  Drone  
  31  2:41  Queen  
  33  2:44  Drone  
  33  2:50  Pneumatized Carapace  
  34  2:51  Zergling x2  
  34  2:55  Evolution Chamber  
  34  2:58  Zergling x2  
  35  3:00  Zergling x2  
  35  3:04  Zergling x2  
  37  3:06  Zergling x2  
  37  3:12  Overlord  
  38  3:14  Zergling x2  
  38  3:15  Zergling x2  
  38  3:18  Zergling x2  
  40  3:22  Zergling x2  
  40  3:23  Zergling x2  
  40  3:24  Zergling x2  
  40  3:26  Zergling x2  
  42  3:29  Spore Crawler  
  40  3:36  Zergling x2  
  40  3:37  Zergling x2  
  40  3:41  Spore Crawler  
  41  3:43  Zergling x2  
  42  3:48  Zergling x4  
  42  3:50  Zergling x2  
  42  3:53  Zergling x2  
  46  3:56  Zergling x2  
  46  3:59  Zergling x2  
  46  4:01  Zergling x2  
  48  4:04  Zergling x2  
  48  4:06  Zergling x2  
  48  4:09  Zergling x2  
  47  4:12  Zergling x2  
  47  4:14  Zergling x2  
  47  4:16  Zergling x2  
  48  4:18  Zergling x2  
  49  4:25  Overlord  
  47  4:45  Zergling x2  
  46  4:46  Queen, Zergling x2  
  46  4:48  Zergling x6  
  52  4:54  Baneling Nest  
  52  4:55  Overlord  
  52  4:57  Zergling x2  
  52  5:16  Zergling x2  
  52  5:17  Zergling x2  
  52  5:19  Zergling x2  
  52  5:20  Zergling x2  
  51  5:21  Zergling x2  
  51  5:25  Zergling x2  
  52  5:31  Zergling x2  
  53  5:37  Baneling x2  
  53  5:38  Baneling x4, Zergling x2  
  53  5:40  Queen  
  53  5:42  Zergling x2  
  57  5:46  Zergling x2  
  57  5:48  Baneling  
  58  5:53  Zergling x2  
  58  5:56  Zergling x2  
  60  5:58  Overlord  
  55  6:12  Baneling  
  55  6:13  Baneling  
  55  6:16  Overlord x2  
  55  6:17  Zergling x2  
  55  6:18  Zergling x2  
  57  6:19  Zergling x2  
  58  6:26  Baneling x2, Zergling x2  
  58  6:29  Zergling x2  
  57  6:35  Zergling x2  
  52  6:42  Baneling x2  
Show
View Real Time Build Order
Export as new Build Order

Stats Protoss - Winner!

Build Orders: 1 Gate Expand, Oracle Opening, Phoenix Opening, Mass Adepts 

Get SALT Encoding   

  12  0:02  Probe (Chrono Boost)  
  14  0:14  Probe (Chrono Boost)  
  14  0:18  Pylon  
  14  0:26  Probe (Chrono Boost)  
  15  0:32  Probe (Chrono Boost)  
  16  0:42  Probe (Chrono Boost)  
  16  0:44  Gateway  
  16  0:48  Assimilator  
  17  0:54  Probe (Chrono Boost)  
  18  1:07  Probe (Chrono Boost)  
  20  1:19  Probe (Chrono Boost)  
  20  1:26  Nexus  
  20  1:35  Cybernetics Core  
  21  1:40  Probe (Chrono Boost)  
  21  1:44  Assimilator  
  21  1:52  Probe (Chrono Boost)  
  22  1:55  Pylon  
  22  2:03  Adept  
  22  2:04  Probe (Chrono Boost)  
  23  2:14  Warp Gate  
  26  2:16  Probe (Chrono Boost)  
  26  2:22  Adept  
  26  2:28  Probe (Chrono Boost)  
  26  2:29  Stargate  
  27  2:33  Probe (Chrono Boost)  
  29  2:40  Probe (Chrono Boost)  
  29  2:41  Probe (Chrono Boost)  
  32  2:50  Adept  
  35  2:53  Probe (Chrono Boost)  
  36  2:59  Probe (Chrono Boost)  
  36  3:04  Oracle  
  36  3:05  Probe (Chrono Boost)  
  37  3:11  Probe (Chrono Boost)  
  38  3:17  Probe (Chrono Boost)  
  42  3:20  Gateway  
  43  3:27  Gateway  
  43  3:28  Probe (Chrono Boost)  
  43  3:29  Probe (Chrono Boost)  
  43  3:32  Adept  
  43  3:33  Phoenix  
  42  3:39  Pylon  
  42  3:40  Probe (Chrono Boost)  
  42  3:41  Probe (Chrono Boost)  
  46  3:51  Pylon  
  46  3:58  Shield Battery  
  46  4:00  Pylon  
  46  4:06  Oracle  
  46  4:08  Probe (Chrono Boost)  
  46  4:09  Probe (Chrono Boost)  
  51  4:18  Assimilator  
  51  4:21  Assimilator, Adept x3  
  59  4:24  Probe (Chrono Boost)  
  59  4:25  Probe (Chrono Boost)  
  59  4:26  Pylon  
  59  4:41  Adept x2  
  59  4:42  Adept  
  63  4:51  Gateway, Robotics Facility  
  65  4:53  Probe x2 (Chrono Boost)  
  65  5:02  Adept x3  
  69  5:23  Immortal  
  69  5:24  Adept x3  
  71  5:29  Gateway  
  71  5:31  Probe (Chrono Boost)  
  71  5:32  Probe (Chrono Boost)  
  73  5:42  Pylon  
  77  5:44  Pylon  
  77  5:48  Twilight Council  
  77  6:00  Adept  
  77  6:03  Sentry  
  81  6:04  Sentry  
  81  6:05  Adept, Immortal  
  81  6:15  Cybernetics Core  
  85  6:24  Zealot x2  
  89  6:28  Zealot x2  
  84  6:45  Probe x2 (Chrono Boost)  
  88  6:51  Adept x3  
  88  6:52  Adept x2  
Tags
 
Add a new tag
Caveats
  • Supply blocks, unpowered buildings, or Contaminate may cause inaccurate times.
  • Supply counts are checked every 10 seconds.